 Dungeon Crawl Stone Soup version 0.29.1-15-g9cfb28693d (webtiles) character file.

Game seed: 13367436383623616532

362 BuddhaDhamma the Cleaver (level 6, 0/51 HPs)
             Began as a Minotaur Berserker on Mar 18, 2023.
             Was a Priest of Trog.
             Slain by a gnoll
             ... wielding a +0 flail
             ... led by a gnoll bouda
              (5 damage)
             ... on level 6 of the Dungeon.
             The game lasted 00:05:23 (3684 turns).

BuddhaDhamma the Cleaver (Minotaur Berserker)       Turns: 3684, Time: 00:05:24

Health: 0/51       AC:  8    Str: 24    XL:     6   Next: 39%
Magic:  5/5        EV:  9    Int:  4    God:    Trog [***...]
Gold:   174        SH:  0    Dex: 15    Spells: 5/5 levels left

rFire   . . .      SeeInvis .   a - +0 hand axe
rCold   . . .      Faith    .   (no shield)
rNeg    . . .      Spirit   .   t - +0 chain mail
rPois   .          Reflect  .   (helmet restricted)
rElec   .          Harm     .   (no cloak)
rCorr   .          Rampage  .   (no gloves)
Will    .....                   (no boots)
Stlth   ..........              (no amulet)
HPRegen 0.17/turn               j - ring of flight
MPRegen 0.09/turn               s - +6 ring of dexterity

@: marked, weakened, on berserk cooldown, flying, slowed, very slow
A: horns 2, retaliatory headbutt
a: Renounce Religion, Berserk, Trog's Hand


You were on level 6 of the Dungeon.
You worshipped Trog.
Trog was most pleased with you.
You visited 1 branch of the dungeon, and saw 5 of its levels.

You collected 174 gold pieces.

Inventory:

Hand Weapons
 a - a +0 hand axe (weapon)
Missiles
 b - 12 poisoned darts (quivered)
Armour
 t - a +0 chain mail (worn)
Jewellery
 j - a ring of flight (left hand)
 s - a +6 ring of dexterity (right hand)
Wands
 g - a wand of polymorph (4)
Scrolls
 c - a scroll of immolation {unknown}
 e - 2 scrolls of teleportation {unknown}
 f - 3 scrolls of magic mapping {unknown}
 h - 6 scrolls of identify {unknown}
 i - a scroll of summoning {unknown}
 k - a scroll of enchant armour {unknown}
 n - a scroll of blinking {unknown}
 r - a scroll of vulnerability {unknown}
Potions
 d - a potion of degeneration {unknown}
 l - a potion of cancellation {unknown}
 m - 2 potions of haste {unknown}
 o - a potion of might {unknown}
 p - a potion of resistance {unknown}
 q - a potion of brilliance {unknown}
 u - 2 potions of heal wounds {unknown}
 v - 2 potions of curing {unknown}
 w - 2 potions of berserk rage {unknown}
 x - a potion of ambrosia {unknown}


   Skills:
 - Level 3.6 Fighting
 + Level 8.8 Axes
 - Level 2.4 Armour
 - Level 2.1 Dodging


You had 5 spell levels left.
You didn't know any spells.
Your spell library was empty.

Dungeon Overview and Level Annotations

Branches:
Dungeon (6/15)
 Temple: D:4-7

Altars:
Qazlal
Vehumet


Innate Abilities, Weirdness & Mutations

You have a pair of horns on your head.
You reflexively headbutt those who attack you in melee.


Message History

You kill the ufetubus!
Trog accepts your kill.
The gnoll is no longer moving quickly.
A centaur comes into view. It is carrying a wand of iceblast (8).
The gnoll bouda gazes fiercely through you!
You feel your attacks grow feeble.
The gnoll bouda hits you with a +0 club.
You slash the gnoll bouda!
You kill the gnoll bouda!
Trog accepts your kill.
You barely miss the bullfrog. The bullfrog barely misses you.
A necrophage comes into view.
The gnoll barely misses you. The gnoll hits you with a +0 whip.
Things that are here:
a +0 club; a +0 robe; a gnoll corpse You completely miss the gnoll.
You headbutt the gnoll.
The gnoll is lightly wounded.
You hit the gnoll. You closely miss the bullfrog.
You are no longer berserk.
You are exhausted.
You feel yourself slow down.
The bullfrog hits you but does no damage.
The gnoll misses you. You furiously retaliate!
You headbutt the gnoll! The gnoll hits you with a +0 whip.
* * * LOW HITPOINT WARNING * * *
You barely miss the gnoll. Your headbutt misses the gnoll.
The gnoll is lightly wounded.
You hit the gnoll but do no damage. You hit the bullfrog.
The bullfrog hits you but does no damage.
The bullfrog hits you.
* * * LOW HITPOINT WARNING * * *
The gnoll hits you but does no damage. The gnoll barely misses you.
You furiously retaliate!
You headbutt the gnoll. You hit the gnoll.
The gnoll is heavily wounded.
You hit the gnoll but do no damage. You hit the bullfrog.
The gnoll is no longer moving quickly.
The bullfrog hits you.
* * * LOW HITPOINT WARNING * * *
The gnoll hits you with a +0 flail.
You die...

#############
..)))))..>..#
#######.....#
#.....#
#.....########
#............#
#......#####.#
#......#cF@gW#
#.....##.##g.#
#.....##.##n.#
###+####†##..#
#c##..#
..##..#
####..# #...
....


You could see a necrophage, a phantom, a bullfrog, a centaur and 2 gnolls.

Vanquished Creatures
  A kobold brigand (D:6)
  A gnoll bouda (D:6)
  A hound (D:4)
  2 iguanas
  2 gnolls (D:6)
  5 adders
  A shadow imp (D:6)
  3 ufetubi
  3 worms (D:2)
  2 dart slugs (D:3)
  5 orcs (D:4)
  3 endoplasms
  2 giant cockroaches
  4 goblins
  9 hobgoblins
  4 jackals (D:2)
  4 quokkas
  7 ball pythons
  5 bats
  2 frilled lizards
  9 kobolds
  7 rats
82 creatures vanquished.

Notes
Turn   | Place    | Note
-------+----------+-------------------------------------------
     0 | D:1      | BuddhaDhamma the Minotaur Berserker began the quest for the
                  | Orb.
     0 | D:1      | Reached XP level 1. HP: 19/19 MP: 0/0
   117 | D:1      | Found a faded altar of an unknown god.
   278 | D:1      | Reached skill level 4 in Axes
   404 | D:1      | Reached XP level 2. HP: 26/26 MP: 1/1
  1088 | D:2      | Reached skill level 5 in Axes
  1239 | D:2      | Reached XP level 3. HP: 29/31 MP: 2/2
  1240 | D:2      | Reached ** piety under Trog
  1782 | D:2      | Reached skill level 6 in Axes
  1782 | D:2      | Reached XP level 4. HP: 30/39 MP: 3/3
  2212 | D:3      | Found a stormy altar of Qazlal.
  2576 | D:3      | Identified the +10 mace of Gin and Tonic {pain, rF+ rC+
                  | rN++ Will+}
  3037 | D:4      | Found a radiant altar of Vehumet.
  3042 | D:4      | Reached XP level 5. HP: 45/45 MP: 4/4
  3045 | D:4      | Reached skill level 7 in Axes
  3520 | D:4      | Reached *** piety under Trog
  3524 | D:4      | You are sucked into a shaft and drop 2 floors!
  3552 | D:6      | Reached skill level 8 in Axes
  3671 | D:6      | Reached XP level 6. HP: 44/51 MP: 5/5
  3684 | D:6      | Slain by a gnoll

Illustrated notes

Levels and vault maps discovered:
D:1:      onia_arrival_mini_maze, layout_loops_ring,
          shapermc_ecumenical_altar_flowoftime
D:2:      layout_basic, hangedman_decor_diamond_cutter
D:3:      layout_basic, lemuel_crystal_altar
D:4:      layout_cave_pods, nicolae_vehumet_radiance
D:6:      layout_basic, minmay_temple_entry_junction, enter_ossuary_1

Skill      XL: |  1  2  3  4  5 |
---------------+----------------+-----
Axes           | 4 5 6 8 |  8.8
Fighting       | |  3.6
Armour         | |  2.4
Dodging        | |  2.1

Action                   |  1- 3 |  4- 6 || total
-------------------------+-------+-------++-------
Melee: Hand axe          |    79 |   105 ||   184
       Headbutt          |     7 |    11 ||    18
       Punch             |     1 |       ||     1
Throw: Dart              |     3 |     8 ||    11
Invok: Berserk           |       |     2 ||     2
Armor: Ring mail         |    24 |    23 ||    47
       Chain mail        |       |    30 ||    30
Dodge: Dodged            |    54 |    60 ||   114
